 Dungeon Crawl Stone Soup version 0.19-a0-526-gbe2e51c (webtiles) character file.

16 ololoev the Firebug (level 2, -5/15 HPs)
             Began as a Deep Elf Fire Elementalist on June 7, 2016.
             Slain by an ogre
             ... wielding a cursed +0 giant spiked club
              (9 damage)
             ... on level 4 of the Dungeon.
             The game lasted 00:02:16 (288 turns).

ololoev the Firebug (Deep Elf Fire Elementalist)     Turns: 288, Time: 00:02:18

Health: -5/15      AC:  2    Str:  8    XL:     2   Next: 37%
Magic:  0/8        EV: 13    Int: 19    God:
Gold:   52         SH:  0    Dex: 15    Spells: 1 memorised, 6 levels left

rFire  . . .     SeeInvis .     a - +0 whip (elec)
rCold  . . .     Gourm    .     h - +0 robe
rNeg   . . .     Faith    .     (no shield)
rPois  .         Spirit   .     (no helmet)
rElec  .         Dismiss  .     (no cloak)
rCorr  .         Reflect  .     (no gloves)
SustAt .         Harm     .     (no boots)
MR     .....                    (no amulet)
Stlth  ++........               (no ring)
                                e - +3 ring of strength

@: not resistant to hostile enchantments, unstealthy
A: no striking features
a: no special abilities

Inventory:

Hand Weapons
 a - a +0 whip of electrocution (weapon)
Armour
 h - a +0 robe (worn)
Jewellery
 e - a +3 ring of strength (left hand)
Scrolls
 d - 2 scrolls of teleportation {unknown}
 f - a scroll of remove curse {unknown}
Potions
 g - a potion of degeneration {unknown}
Books
 b - a book of Flames

   Spells                             Type                      Level
   a - Flame Tongue                   Conjuration/Fire             1
   b - Throw Flame                    Conjuration/Fire             2
   c - Conjure Flame                  Conjuration/Fire             3
   d - Inner Flame                    Hexes/Fire                   3
   e - Sticky Flame                   Conjuration/Fire             4
   f - Fireball                       Conjuration/Fire             5
Comestibles
 c - a bread ration


   Skills:
 - Level 2.4 Dodging
 - Level 2.4 Stealth
 + Level 3.3 Spellcasting
 * Level 2.0 Conjurations
 + Level 3.5 Fire Magic


You had 6 spell levels left.
You knew the following spells:

 Your Spells              Type           Power        Failure   Level  Hunger
a - Flame Tongue          Conj/Fire      ##...        6%          1    None


You were on level 4 of the Dungeon.
You were not hungry.

You visited 1 branch of the dungeon, and saw 4 of its levels.

You collected 52 gold pieces.

#.........#
#.....#...#####
#†#####.......#
#.#####.......#
#.....#.......#
#####.#.......#
###########.#.###.###
#<..........#.###.#
#############.O@..#
#....## .......%#
#####...# #..?# #...#
...## ..### ##.

Notes
Turn   | Place    | Note
--------------------------------------------------------------
     0 | D:1      | ololoev the Deep Elf Fire Elementalist began the quest for the Orb.
     0 | D:1      | Reached XP level 1. HP: 10/10 MP: 6/6
   145 | D:3      | Reached XP level 2. HP: 15/15 MP: 5/8
   259 | D:4      | Noticed an ogre
   288 | D:4      | Slain by an ogre

Dungeon Overview and Level Annotations

Branches:
Dungeon (4/15)
 Temple: D:4-7

Altars:


Message History

The jackal bites you. The jackal barely misses you.
Casting: Flame Tongue
Confirm with . or Enter, or press ? or * to list all spells.
Aiming: Flame Tongue
Press: ? - help, Shift-Dir - straight line, f/p - jackal
Aim: a jackal (heavily wounded)
The flame tongue hits the jackal.
You kill the jackal!
The jackal closely misses you.
Casting: Flame Tongue
Confirm with . or Enter, or press ? or * to list all spells.
Aiming: Flame Tongue
Press: ? - help, Shift-Dir - straight line, f - jackal
Aim: a jackal The flame tongue hits the jackal.
The jackal appears unharmed.
The jackal bites you.
You hit the jackal but do no damage. The jackal completely misses you.
The jackal closely misses you.
You closely miss the jackal. The jackal bites you.
You hit the jackal but do no damage.
There is a sudden explosion of sparks!
You kill the jackal!
Your Conjurations skill increases to level 2!
Things that are here:
a jackal corpse x3
You now have 52 gold pieces (gained 14).
Your magical contamination has completely faded away.
Found a bread ration.
Found a scroll labeled ZAEZ XUSOKKO.
An ogre comes into view. It is wielding a giant spiked club.
You hear the slow rusting of a drain nearby.
Casting: Flame Tongue
Confirm with . or Enter, or press ? or * to list all spells.
Aiming: Flame Tongue
Press: ? - help, Shift-Dir - straight line, f - ogre
Aim: an ogre, wielding a giant spiked club The flame tongue hits the ogre.
The ogre is moderately wounded.
Casting: Flame Tongue
Confirm with . or Enter, or press ? or * to list all spells.
Aiming: Flame Tongue
Press: ? - help, Shift-Dir - straight line, f/p - ogre
Aim: an ogre, wielding a giant spiked club (moderately wounded)
The flame tongue hits the ogre.
The ogre is moderately wounded.
The ogre hits you with a giant spiked club!
Ouch! That really hurt!
Casting: Flame Tongue
Confirm with . or Enter, or press ? or * to list all spells.
Aiming: Flame Tongue
Press: ? - help, Shift-Dir - straight line, f/p - ogre
Aim: an ogre, wielding a giant spiked club (moderately wounded)
The flame tongue hits the ogre.
The ogre is heavily wounded.
The ogre closely misses you.
Casting: Flame Tongue
Confirm with . or Enter, or press ? or * to list all spells.
Aiming: Flame Tongue
Press: ? - help, Shift-Dir - straight line, f/p - ogre
Aim: an ogre, wielding a giant spiked club (heavily wounded)
The flame tongue hits the ogre.
The ogre is almost dead.
The ogre barely misses you.
Casting: Flame Tongue
Confirm with . or Enter, or press ? or * to list all spells.
Aiming: Flame Tongue
Press: ? - help, Shift-Dir - straight line, f/p - ogre
Aim: an ogre, wielding a giant spiked club (severely wounded)
The flame tongue hits the ogre.
The ogre appears unharmed.
The ogre is severely wounded.
The ogre closely misses you.
Casting: Flame Tongue
Confirm with . or Enter, or press ? or * to list all spells.
Aiming: Flame Tongue
Press: ? - help, Shift-Dir - straight line, f/p - ogre
Aim: an ogre, wielding a giant spiked club (severely wounded)
The flame tongue hits the ogre.
The ogre is almost dead.
The ogre hits you with a giant spiked club!
Ouch! That really hurt!
You die...

You could see an ogre.

Vanquished Creatures
  A worm (D:3)
  2 hobgoblins
  5 jackals
  2 giant newts
  2 kobolds
12 creatures vanquished.

Action                   || total
-------------------------++-------
Melee: Whip              ||     3
 Cast: Flame Tongue      ||    26
Armor: Robe              ||     2
Dodge: Dodged            ||    12

Vault maps used:
D:1:      minmay_arrival_nine_rooms, minmay_misc_feat_secret_circle
D:2:      first_bread, kennysheep_generic_room_12
D:3:      lemuel_doored_altar, lemuel_coloured_pillars_altar, fedhas_altar_4,
          uniq_jessica
D:4:      grunt_temple_overflow_gold_and_silver, lightli_sewer_entry_pipes
